 Dungeon Crawl Stone Soup version 0.30.1-1-g62c8e00024 (webtiles) character file.

Game seed: 4956806397738600588

71122 tizbic2 the Thaumaturge (level 15, -18/117 HPs)
             Began as a Gnoll Summoner on July 17, 2023.
             Was the Champion of Zin.
             Demolished by a white very ugly thing (22 damage)
             ... in an ice cave.
             The game lasted 01:37:48 (19787 turns).

tizbic2 the Thaumaturge (Gnoll Summoner)           Turns: 19787, Time: 01:37:49

Health: -18/117    AC: 19    Str: 12    XL:     15   Next: 35%
Magic:  25/30      EV: 22    Int: 13    God:    Zin [******]
Gold:   306        SH: 17    Dex: 23    Spells: 19/37 levels left

rFire   + . .        I - +0 war axe (flame)
rCold   + . .        K - +4 kite shield of the Arcane {rF+ Int-3 Dex+7}
rNeg    . . .        T - +4 ring mail "Faymio" {Will+}
rPois   +            R - +0 helmet
rElec   .            p - +0 cloak
rCorr   .            i - +1 pair of gloves
SInv    +            G - +1 pair of boots "Luupnis" {rC+}
Will    ++...        M - amulet of regeneration
Stlth   ++++++       e - ring of poison resistance
HPRegen 1.19/turn    A - ring "Falo" {EV+5 Dex+2 SInv Stlth+}
MPRegen 0.22/turn

%: no passive effects
@: no status effects
A: fangs 1, strong nose, distributed training
a: Renounce Religion, Recite, Vitalisation, Imprison, Sanctuary, Donate Gold


You were in an ice cave.
You worshipped Zin.
Zin was exalted by your worship.
You visited 4 branches of the dungeon, and saw 19 of its levels.
You also visited: Ice Cave.

You collected 1927 gold pieces.
You spent 1460 gold pieces at shops.
You donated 161 gold pieces to Zin.

Inventory:

Hand Weapons
 a - the +11 Singing Sword {sonic wave}
   (You found it on level 9 of the Dungeon)
 w - a +0 arbalest of freezing
 I - a +0 war axe of flaming (weapon)
 N - the +3 hand axe of Red Tender Mercy {speed, rF+}
   (You bought it in a shop on level 2 of the Orcish Mines)

   rF:        It protects you from fire.
 V - the +9 sword of Power {lifebolt}
   (You found it on level 1 of the Lair of Beasts)
 X - the +7 trident of the Gibberer {venom, MP+9}
   (You found it on level 11 of the Dungeon)

   MP:        It affects your magic capacity (+9).
Missiles
 g - 39 poisoned darts (quivered)
Armour
 i - a +1 pair of gloves (worn)
 p - a +0 cloak (worn)
 s - a +2 troll leather armour {Snorg}
 z - a +10 plate armour of ponderousness
 G - the +1 pair of boots "Luupnis" (worn) {rC+}
   (You found it on level 7 of the Dungeon)

   rC:        It protects you from cold.
 K - the +4 kite shield of the Arcane (worn) {rF+ Int-3 Dex+7}
   (You acquired it on level 11 of the Dungeon)

   Int:       It affects your intelligence (-3).
   Dex:       It affects your dexterity (+7).
   rF:        It protects you from fire.
 R - a +0 helmet (worn)
 T - the +4 ring mail "Faymio" (worn) {Will+}
   (You found it on level 8 of the Dungeon)

   Will:      It increases your willpower.
 Z - the +0 buckler of Levity {rElec rCorr Dex+3}
   (You found it on level 1 of the Snake Pit)

   Dex:       It affects your dexterity (+3).
   rElec:     It insulates you from electricity.
   rCorr:     It protects you from acid and corrosion.
Magical Staves
 m - the staff of earth "Eraat" {rF- Str+5 Int+7}
   (You found it on level 5 of the Lair of Beasts)

   [staff of earth]

   Base accuracy: +5 Base damage: 5 Base attack delay: 1.2 This weapon's minimum
   attack delay (0.6) is reached at skill level 12.
   Str:       It affects your strength (+5).
   Int:       It affects your intelligence (+7).
   rF:        It makes you vulnerable to fire.
   It falls into the 'Staves' category.
   It is a one-handed weapon.
Jewellery
 e - a ring of poison resistance (left hand)
 k - an amulet of guardian spirit
 u - a +4 ring of slaying
 A - the ring "Falo" (right hand) {EV+5 Dex+2 SInv Stlth+}
   (You bought it in a shop on level 6 of the Dungeon)

   [ring of evasion]

   EV:        It affects your evasion (+5).
   Dex:       It affects your dexterity (+2).
   SInv:      It lets you see invisible.
   Stlth:     It makes you more stealthy.
 B - a +4 ring of slaying
 M - an amulet of regeneration (around neck)
 S - a ring of wizardry
Wands
 f - a wand of paralysis (11)
 r - a wand of roots (18)
 v - a wand of mindburst (25)
 E - a wand of acid (21)
 Q - a wand of digging (3)
Scrolls
 h - 3 scrolls of teleportation
 j - 3 scrolls of magic mapping
 q - 3 scrolls of fog
 t - 7 scrolls of vulnerability
 y - 4 scrolls of poison
 C - 4 scrolls of amnesia
 F - 5 scrolls of fear
 P - a scroll of silence
 U - a scroll of identify
 Y - 2 scrolls of blinking
Potions
 b - 3 potions of magic
 c - 2 potions of cancellation
 d - 3 potions of invisibility
 l - 4 potions of resistance
 n - 4 potions of haste
 o - 4 potions of flight
 x - 5 potions of mutation
 D - 3 potions of attraction
 H - 4 potions of curing
 J - a potion of heal wounds
 L - 2 potions of ambrosia
 O - a potion of brilliance
 W - 2 potions of might


   Skills:
 + Level 10.4 Fighting
 + Level 10.4 Short Blades
 + Level 10.4 Long Blades
 + Level 10.4 Axes
 + Level 10.4 Maces & Flails
 + Level 10.4 Polearms
 + Level 10.4 Staves
 + Level 10.4 Ranged Weapons
 + Level 10.4 Throwing
 + Level 10.4 Armour
 + Level 11.3 Dodging
 + Level 11.2 Stealth
 + Level 10.4 Shields
 + Level 10.4 Unarmed Combat
 + Level 11.5 Spellcasting
 + Level 8.7 Conjurations
 + Level 8.7 Hexes
 + Level 11.2 Summonings
 + Level 8.7 Necromancy
 + Level 8.7 Translocations
 + Level 8.7 Transmutations
 + Level 8.7 Fire Magic
 + Level 8.7 Ice Magic
 + Level 8.7 Air Magic
 + Level 8.7 Earth Magic
 + Level 8.7 Poison Magic
 + Level 11.3 Invocations
 + Level 10.4 Evocations


You had 19 spell levels left.
You knew the following spells:

 Your Spells              Type           Power      Damage    Failure   Level
a - Summon Lightning Spi  Summ/Air       33%        N/A       8%          4
b - Call Canine Familiar  Summ           36%        N/A       1%          3
c - Swiftness             Air            30%        N/A       3%          3
d - Summon Guardian Gole  Hex/Summ       33%        N/A       2%          3
e - Summon Mana Viper     Hex/Summ       33%        N/A       22%         5

Your spell library contained the following spells:

 Spells                   Type           Power      Damage    Failure   Level
 Magic Dart               Conj           100%       1d8       1%          1
 Necrotise                Necr           100%       1d9       1%          1
 Slow                     Hex            100%       N/A       1%          1
 Summon Small Mammal      Summ           100%       N/A       1%          1
 Call Imp                 Summ           72%        N/A       1%          2
 Cigotuvi's Dreadful Rot  Necr/Pois/Air  60%        N/A       1%          2
 Ensorcelled Hibernation  Hex/Ice        60%        N/A       1%          2
 Lesser Beckoning         Tloc           60%        N/A       1%          2
 Passwall                 Tmut/Erth      25%        N/A       1%          2
 Searing Ray              Conj           60%        2d6       1%          2
 Confusing Touch          Hex            30%        N/A       3%          3
 Gell's Gravitas          Tloc           30%        N/A       3%          3
 Ignite Poison            Fire/Tmut/Pois 30%        N/A       3%          3
 Teleport Other           Tloc           30%        N/A       3%          3
 Vampiric Draining        Necr           30%        2d8       3%          3
 Cause Fear               Hex            15%        N/A       13%         4
 Fulminant Prism          Conj/Hex       15%        3d10      13%         4
 Agony                    Necr           30%        N/A       34%         5
 Alistair's Intoxication  Tmut/Pois      20%        N/A       34%         5
 Borgnjor's Vile Clutch   Necr/Erth      15%        N/A       34%         5
 Freezing Cloud           Conj/Ice/Air   15%        6-21      34%         5
 Eringya's Noxious Bog    Tmut/Pois      15%        N/A       89%         6
 Dragon Form              Tmut           15%        N/A       100%        7
 Dragon's Call            Summ           18%        N/A       100%        9


Dungeon Overview and Level Annotations

Branches:
Dungeon (11/15)            Temple (0/1) D:4            Lair (5/5) D:11
 Shoals (0/4) Lair:2        Snake (1/4) Lair:3        Slime (0/5) Lair:4
    Orc (2/2) D:11            Elf (0/3) Orc:2         IceCv (1/1)

Altars:
Fedhas
Kikubaaqudgha
Makhleb
Nemelex Xobeh
Uskayaw
Xom
Zin
Jiyva

Shops:
D:6 ?*=:?   D:9 !   D:10 (   Orc:2 (::[

Annotations:
Lair:2 2 transporters


Innate Abilities, Weirdness & Mutations

You have very sharp teeth.
Your uncanny sense of smell can sniff out nearby items.
Your experience applies equally to all skills.


Message History

You hit the caustic shrike simulacrum.
You melt the caustic shrike simulacrum.
The caustic shrike simulacrum is lightly damaged.
You hit the white very ugly thing. You burn the white very ugly thing.
You slash the alligator simulacrum!
You melt the alligator simulacrum.
You barely miss the alligator simulacrum.
You block the caustic shrike simulacrum's attack.
The caustic shrike simulacrum claws you.
The caustic shrike simulacrum freezes you!!
You resist.
* * * LOW HITPOINT WARNING * * *
Your lightning spire shoots out a bolt of lightning at the lindwurm simulacrum!
The bolt of electricity hits the lindwurm simulacrum!
The lindwurm simulacrum bites your lightning spire but does no damage.
The lindwurm simulacrum claws your lightning spire but does no damage.
The lindwurm simulacrum claws your lightning spire.
The lindwurm simulacrum freezes your lightning spire.
Your lightning spire resists.
You block the white very ugly thing's attack.
The alligator simulacrum bites you but does no damage.
The alligator simulacrum closely misses you.
The alligator simulacrum misses you.
You block the alligator simulacrum's attack.
You barely miss the alligator simulacrum.
Your bite misses the alligator simulacrum.
The alligator simulacrum is severely damaged.
You completely miss the caustic shrike simulacrum.
You slash the alligator simulacrum!
You melt the alligator simulacrum.
The alligator simulacrum vaporises!
Zin accepts your kill.
You hit the white very ugly thing but do no damage.
The caustic shrike simulacrum misses you.
The caustic shrike simulacrum claws you!
* * * LOW HITPOINT WARNING * * *
The caustic shrike simulacrum freezes you!!
You resist.
* * * LOW HITPOINT WARNING * * *
The white very ugly thing punches you!! Zin protects you from harm!
The white very ugly thing freezes you!! You resist.
You die...

#######
##8Z@..##
#.Z○uZ..#
#....Z....#
#...........#
#...........#
#...........#
#.............#
#....8...8....#
#......?......#


You could see a white very ugly thing, an alligator simulacrum, 2 lindwurm
simulacra, a caustic shrike simulacrum and a friendly lightning spire
(summoned).

Vanquished Creatures
  Aizul (Snake:1)
  An orc warlord (Orc:2)
  Snorg (Lair:4)
  2 hydras (Lair:4)
  2 catoblepae
  15 death yaks
  A naga warrior (Snake:1)
  A deep troll shaman (Lair:5)
  2 orc high priests (Orc:2)
  3 naga sharpshooters (Snake:1)
  A skyshark (Lair:4)
  Pikel (D:7)
  2 oklob plants (Lair:1)
  9 orc knights
  2 orc sorcerers (Orc:2)
  2 salamanders (Snake:1)
  A cyclops (D:11)
  2 mana vipers (Snake:1)
  A guardian serpent (Snake:1)
  An ice statue (Snake:1)
  3 naga magi (Snake:1)
  12 elephants
  A torpor snail (Lair:5)
  2 unseen horrors
  2 rime drakes (Lair:5)
  8 cane toads
  10 komodo dragons
  4 kobold demonologists (D:11)
  8 trolls
  2 burning bushes (Lair:1)
  4 polar bears
  Grinder (D:3)
  8 blink frogs
  2 wraiths (D:10)
  6 wyverns
  45 yaks
  5 basilisks
  A steam dragon (D:11)
  Menkaure (D:4)
  3 acid dragons
  10 nagas
  6 wargs
  Duvessa (D:7)
  12 water moccasins
  31 orc warriors
  A sky beast (D:7)
  2 ice beasts
  A black bear (Lair:1)
  9 ogres
  21 wolves
  3 alligator simulacra (IceCv)
  9 centaurs
  6 kobold brigands
  Blork the orc (D:4)
  10 bullfrogs
  6 scorpions
  19 wights
  Dowan (D:7)
  9 killer bees
  A lindwurm simulacrum (IceCv)
  4 howler monkeys
  6 electric eels (D:6)
  2 gnoll boudas
  6 hounds
  12 orc priests
  7 jellies
  A sleepcap (D:5)
  9 orc wizards
  7 hell rats (Lair:1)
  An iguana (D:7)
  2 nameless horrors
  5 gnolls
  5 adders
  A shadow imp (D:6)
  59 orcs
  3 ball pythons
  3 endoplasms
  2 giant cockroaches
  7 goblins
  4 hobgoblins
  6 jackals
  7 bats
  5 frilled lizards
  27 kobolds
  3 rats
532 creatures vanquished.

Vanquished Creatures (collateral kills)
  A dire elephant (Lair:5)
  A two-headed ogre (D:9)
  A hydra (Lair:4)
  Sonja (D:10)
  A skyshark (Lair:4)
  A naga mage (Snake:1)
  An elephant (Lair:5)
  4 yaks
  An orc warrior (D:5)
  3 scorpions (D:9)
  A bullfrog (Lair:4)
  A wight (D:9)
  A howler monkey (D:8)
  A hound (D:4)
  2 orc priests (D:5)
  Crazy Yiuf (D:4)
  2 jellies (Lair:4)
  An iguana (D:5)
  An orc wizard (D:5)
  2 gnolls
  3 adders (D:9)
  2 worms (D:2)
  4 orcs
  16 bats
  4 endoplasms
  3 goblins
  5 hobgoblins
  3 jackals
  5 quokkas
  2 ball pythons
  A frilled lizard (D:1)
  4 kobolds
  A rat (D:1)
81 creatures vanquished.

Grand Total: 613 creatures vanquished

Notes
Turn   | Place    | Note
-------+----------+-------------------------------------------
     0 | D:1      | tizbic2 the Gnoll Summoner began the quest for the Orb.
     0 | D:1      | Reached XP level 1. HP: 13/13 MP: 6/6
   187 | D:1      | Reached XP level 2. HP: 6/19 MP: 7/7
   394 | D:1      | Found a faded altar of an unknown god.
   409 | D:1      | Prayed at the altar of an unknown god.
   409 | D:1      | Became a worshipper of Zin the Law-Giver
   409 | D:1      | Reached * piety under Zin
   598 | D:1      | Reached skill level 5 in Spellcasting
   598 | D:1      | Reached XP level 3. HP: 25/25 MP: 3/9
   705 | D:1      | Reached skill level 1 in Invocations
   958 | D:2      | Reached skill level 1 in Fighting
   958 | D:2      | Reached skill level 1 in Short Blades
   958 | D:2      | Reached skill level 1 in Long Blades
   958 | D:2      | Reached skill level 1 in Axes
   958 | D:2      | Reached skill level 1 in Maces & Flails
   958 | D:2      | Reached skill level 1 in Polearms
   958 | D:2      | Reached skill level 1 in Staves
   958 | D:2      | Reached skill level 1 in Ranged Weapons
   958 | D:2      | Reached skill level 1 in Throwing
   958 | D:2      | Reached skill level 1 in Armour
   958 | D:2      | Reached skill level 1 in Shields
   958 | D:2      | Reached skill level 1 in Unarmed Combat
   958 | D:2      | Reached skill level 1 in Evocations
  1020 | D:2      | Reached XP level 4. HP: 30/32 MP: 9/11
  1172 | D:2      | Reached ** piety under Zin
  1191 | D:2      | Reached skill level 1 in Conjurations
  1191 | D:2      | Reached skill level 1 in Hexes
  1191 | D:2      | Reached skill level 1 in Necromancy
  1191 | D:2      | Reached skill level 1 in Translocations
  1191 | D:2      | Reached skill level 1 in Transmutations
  1191 | D:2      | Reached skill level 1 in Fire Magic
  1191 | D:2      | Reached skill level 1 in Ice Magic
  1191 | D:2      | Reached skill level 1 in Air Magic
  1191 | D:2      | Reached skill level 1 in Earth Magic
  1191 | D:2      | Reached skill level 1 in Poison Magic
  1291 | D:2      | Learned a level 3 spell: Call Canine Familiar
  1384 | D:2      | You fall into a shaft and drop 2 floors!
  1392 | D:4      | Identified the staff of air "Miplaz" {rElec rN+++ Will-
                  | rCorr}
  1408 | D:4      | Reached XP level 5. HP: 37/37 MP: 10/12
  1438 | D:4      | Found a staircase to the Ecumenical Temple.
  1607 | D:4      | Noticed Blork the orc
  1627 | D:4      | Killed Blork the orc
  1628 | D:4      | Reached XP level 6. HP: 5/44 MP: 9/14
  1880 | D:4      | Noticed Menkaure
  1885 | D:4      | Killed Menkaure
  1886 | D:4      | Reached skill level 5 in Dodging
  2004 | D:4      | Found a runed translucent door.
  2005 | D:4      | Noticed Crazy Yiuf
  2022 | D:4      | Killed Crazy Yiuf
  2142 | D:5      | Entered Level 5 of the Dungeon
  2157 | D:5      | Found the +7 Throatcutter {drain, coup de grace}
  2277 | D:5      | Noticed an ice beast
  2285 | D:5      | Killed an ice beast
  2286 | D:5      | Reached XP level 7. HP: 51/51 MP: 15/15
  2410 | D:5      | Reached *** piety under Zin
  2473 | D:5      | Reached skill level 5 in Stealth
  2891 | D:5      | Reached XP level 8. HP: 58/58 MP: 16/16
  3867 | D:5      | Zin protects you from harm!
  4212 | D:6      | Found Xoriug's Magic Scroll Boutique.
  4232 | D:6      | Bought a scroll of enchant weapon for 82 gold pieces
  4319 | D:6      | Found Nohier's Jewellery Emporium.
  4320 | D:6      | Found Doxaban's Magic Scroll Emporium.
  4325 | D:6      | Found Hapsayr's General Store.
  4330 | D:6      | Found Gelin's Book Emporium.
  4579 | D:6      | Noticed a wyvern
  4588 | D:6      | Killed a wyvern
  4589 | D:6      | Reached XP level 9. HP: 54/65 MP: 18/18
  5316 | D:6      | HP: 3/65 [electric eel/bolt of electricity (14)]
  6262 | D:6      | Bought a scroll of fear for 44 gold pieces
  6455 | D:3      | Noticed Grinder
  6466 | D:3      | Killed Grinder
  6567 | D:3      | Found an ancient bone altar of Kikubaaqudgha.
  6678 | D:3      | Found a hide-covered altar of Uskayaw.
  6687 | D:3      | Reached **** piety under Zin
  7677 | D:7      | Reached skill level 5 in Invocations
  7945 | D:7      | Reached skill level 5 in Fighting
  7945 | D:7      | Reached skill level 5 in Short Blades
  7945 | D:7      | Reached skill level 5 in Long Blades
  7945 | D:7      | Reached skill level 5 in Axes
  7945 | D:7      | Reached skill level 5 in Maces & Flails
  7945 | D:7      | Reached skill level 5 in Polearms
  7945 | D:7      | Reached skill level 5 in Staves
  7945 | D:7      | Reached skill level 5 in Ranged Weapons
  7945 | D:7      | Reached skill level 5 in Throwing
  7945 | D:7      | Reached skill level 5 in Armour
  7945 | D:7      | Reached skill level 5 in Shields
  7945 | D:7      | Reached skill level 5 in Unarmed Combat
  7945 | D:7      | Reached skill level 5 in Evocations
  7945 | D:7      | Reached XP level 10. HP: 70/74 MP: 20/20
  7951 | D:7      | Reached ***** piety under Zin
  7953 | D:7      | Noticed Pikel
  7966 | D:7      | Killed Pikel
  8072 | D:7      | Noticed Duvessa
  8072 | D:7      | Noticed Dowan
  8074 | D:7      | Identified the +1 pair of boots "Luupnis" {rC+}
  8082 | D:7      | Killed Duvessa
  8090 | D:7      | Killed Dowan
  9037 | D:8      | Identified the +4 ring mail "Faymio" {Will+}
  9056 | D:8      | Learned a level 4 spell: Summon Lightning Spire
  9060 | D:8      | Learned a level 3 spell: Swiftness
  9064 | D:8      | Learned a level 3 spell: Summon Guardian Golem
  9496 | D:9      | Found a blossoming altar of Fedhas.
  9519 | D:9      | Noticed a two-headed ogre
  9535 | D:9      | Killed a two-headed ogre
  9884 | D:9      | Reached skill level 5 in Conjurations
  9884 | D:9      | Reached skill level 5 in Hexes
  9884 | D:9      | Reached skill level 5 in Necromancy
  9884 | D:9      | Reached skill level 5 in Translocations
  9884 | D:9      | Reached skill level 5 in Transmutations
  9884 | D:9      | Reached skill level 5 in Fire Magic
  9884 | D:9      | Reached skill level 5 in Ice Magic
  9884 | D:9      | Reached skill level 5 in Air Magic
  9884 | D:9      | Reached skill level 5 in Earth Magic
  9884 | D:9      | Reached skill level 5 in Poison Magic
  9899 | D:9      | Found the +11 Singing Sword {sonic wave}
  9913 | D:9      | Reached XP level 11. HP: 79/81 MP: 22/22
 10288 | D:9      | Found Izuofrax's Distillery.
 10294 | D:9      | Bought a potion of heal wounds for 60 gold pieces
 10337 | D:10     | Entered Level 10 of the Dungeon
 10367 | D:10     | Found Bacludut's Hydra Hut.
 10367 | D:10     | Noticed a five-headed hydra
 10395 | D:10     | Bought a +0 arbalest of freezing for 151 gold pieces
 10429 | D:10     | Noticed Sonja
 10444 | D:10     | Killed Sonja
 10618 | D:10     | Found a shimmering altar of Xom.
 10656 | D:10     | Was placed under penance by Zin
 11114 | D:10     | Found a large runed translucent door.
 11115 | D:10     | Found a large runed translucent door.
 11128 | D:10     | Found a burning altar of Makhleb.
 11137 | D:10     | Found a sparkling altar of Nemelex Xobeh.
 11535 | D:11     | Identified a scroll of acquirement
 11536 | D:11     | Acquired the +4 kite shield of the Arcane {rF+ Int-3 Dex+7}
 11573 | D:11     | Identified the +7 trident of the Gibberer {venom, MP+9}
 11642 | D:11     | Was forgiven by Zin
 11683 | D:11     | Found a staircase to the Orcish Mines.
 11772 | D:11     | Noticed a cyclops
 11779 | D:11     | Killed a cyclops
 11949 | D:11     | Reached ****** piety under Zin
 11975 | D:11     | Found a staircase to the Lair.
 12224 | Orc:1    | Entered Level 1 of the Orcish Mines
 12245 | Orc:1    | Noticed an orc knight
 12252 | Orc:1    | Killed an orc knight
 12253 | Orc:1    | Reached XP level 12. HP: 76/91 MP: 24/24
 12395 | Orc:2    | Entered Level 2 of the Orcish Mines
 12395 | Orc:2    | Found Ydiucs's Book Emporium.
 12399 | Orc:2    | Found Hearch's Book Shop.
 12411 | Orc:2    | Noticed an orc warlord
 12418 | Orc:2    | Noticed an orc high priest
 12422 | Orc:2    | Killed an orc warlord
 12425 | Orc:2    | Killed an orc high priest
 12761 | D:6      | Bought the ring "Falo" {EV+5 Dex+2 SInv Stlth+} for 650
                  | gold pieces
 13015 | Orc:2    | Found Pytzam's General Store.
 13016 | Orc:2    | Noticed an orc high priest
 13026 | Orc:2    | Killed an orc high priest
 13113 | Orc:2    | Reached XP level 13. HP: 42/98 MP: 26/26
 13116 | Orc:2    | Found Xapp's Antique Weapon Emporium.
 13355 | Orc:2    | Found Plog's Antique Armour Shop.
 13361 | Orc:2    | Found a staircase to the Elven Halls.
 13363 | Orc:2    | Bought a pair of glowing gloves for 217 gold pieces
 13606 | Orc:1    | Reached skill level 10 in Summonings
 13846 | Lair:1   | Entered Level 1 of the Lair of Beasts
 14102 | Lair:1   | Found the +9 sword of Power {lifebolt}
 15124 | Lair:2   | Found a transporter.
 15137 | Lair:2   | Found a staircase to the Shoals.
 15347 | Lair:2   | Reached skill level 10 in Spellcasting
 15580 | Lair:2   | Found a transporter.
 15756 | Lair:2   | Reached skill level 10 in Dodging
 16095 | Lair:3   | Found a staircase to the Snake Pit.
 16199 | Lair:3   | Reached skill level 10 in Stealth
 16310 | Lair:3   | Reached XP level 14. HP: 87/108 MP: 24/28
 16311 | Lair:3   | Reached skill level 10 in Invocations
 16899 | Lair:4   | Noticed Snorg
 16899 | Lair:4   | Found a staircase to the Slime Pits.
 16899 | Lair:4   | Found a viscous altar of Jiyva.
 16910 | Lair:4   | Killed Snorg
 17500 | Orc:2    | Bought a crystal hand axe for 256 gold pieces
 17500 | Orc:2    | Identified the +3 hand axe of Red Tender Mercy {speed, rF+}
                  | (You bought it in a shop on level 2 of the Orcish Mines)
 18309 | Lair:5   | Entered Level 5 of the Lair of Beasts
 18667 | Lair:5   | Got Butt's Folio of the Spectral Swarm
 18687 | Lair:5   | Learned a level 5 spell: Summon Mana Viper
 18802 | Lair:5   | Reached skill level 10 in Fighting
 18802 | Lair:5   | Reached skill level 10 in Short Blades
 18802 | Lair:5   | Reached skill level 10 in Long Blades
 18802 | Lair:5   | Reached skill level 10 in Axes
 18802 | Lair:5   | Reached skill level 10 in Maces & Flails
 18802 | Lair:5   | Reached skill level 10 in Polearms
 18802 | Lair:5   | Reached skill level 10 in Staves
 18802 | Lair:5   | Reached skill level 10 in Ranged Weapons
 18802 | Lair:5   | Reached skill level 10 in Throwing
 18802 | Lair:5   | Reached skill level 10 in Armour
 18802 | Lair:5   | Reached skill level 10 in Shields
 18802 | Lair:5   | Reached skill level 10 in Unarmed Combat
 18802 | Lair:5   | Reached skill level 10 in Evocations
 18860 | Lair:5   | Noticed a dire elephant
 18875 | Lair:5   | Killed a dire elephant
 18876 | Lair:5   | Reached XP level 15. HP: 93/115 MP: 25/30
 18891 | Lair:5   | Identified the staff of earth "Eraat" {rF- Str+5 Int+7}
 19437 | Snake:1  | Entered Level 1 of the Snake Pit
 19460 | Snake:1  | Identified the +0 buckler of Levity {rElec rCorr Dex+3}
 19553 | Snake:1  | HP: 4/116 [naga sharpshooter/arrow (25)]
 19600 | Snake:1  | Noticed Aizul
 19673 | Snake:1  | Killed Aizul
 19758 | Snake:1  | Found a frozen archway.
 19771 | IceCv    | Entered an ice cave
 19787 | IceCv    | HP: 4/117 [caustic shrike simulacrum (23)]
 19787 | IceCv    | Zin protects you from harm!
 19787 | IceCv    | Demolished by a white very ugly thing

Illustrated notes

Levels and vault maps discovered:
D:1:      ncdulo_wetmaze, layout_basic,
          dreamdust_ecumenical_altar_angels_and_demons, chequers_garden
D:2:      layout_loops_cross
D:3:      layout_loops_cross, nicolae_uskayaw_murder_on_the_dancefloor,
          mainiacjoe_overflow_alcove_2, minmay_ruptured, uniq_grinder
D:4:      layout_rooms, lemuel_temple_firewalk_b, uniq_menkaure,
          uniq_crazy_yiuf_cottage, uniq_blork_the_orc
D:5:      layout_basic, hangedman_abyss_or_decor_stagger
D:6:      cheibrodos_two_vegetables, layout_rooms, serial_shops, shop,
          minmay_shop_grid_forest, st_stairs_1
D:7:      layout_loops_ring, grunt_potential, uniq_duvessa, uniq_pikel
D:8:      layout_cave_pods, minmay_orc_keep
D:9:      old_forge, layout_basic, mainiacjoe_overflow_six_doors_small,
          serial_shops, shop, minmay_misc_feat_doors
D:10:     layout_roguey, jmf_multi_god_temple2, lemuel_doored_altar,
          kennysheep_cross_bottleneck, doesnt_shop_hydraphobe, uniq_sonja
D:11:     layout_irregular_city, erik_lair_dragon, orc_0_dummy
Lair:1:   minmay_lair_oklob_chamber, layout_small_grid, evilmike_ambush
          [evilmike_ambush_outer_pillars, evilmike_ambush_inner_basic],
          grunt_megastairs_3
Lair:2:   gammafunk_cloud_chamber, layout_regular_city,
          minmay_shoals_entry_centaurs
Lair:3:   layout_regular_city, minmay_snake_entry_guardpost_medium,
          serial_rivers, chequers_serial_rivers_marsh,
          chequers_serial_rivers_large_b, chequers_serial_rivers_small_a,
          chequers_serial_rivers_marsh, chequers_serial_rivers_micro_d,
          serial_bayou_shore_b
Lair:4:   layout_hall_layers, nicolae_slime_entry_field_trip,
          chequers_serial_rivers_small_a, uniq_snorg
Lair:5:   grunt_lair_end_beastmaster, layout_misc_corridors,
          infiniplex_staircase_pool
Snake:1:  layout_cave_shapes, portal_ice_cave_entry_ice_statue_one,
          serial_bayou_shore_b, uniq_aizul
Orc:1:    layout_caves, nicolae_shop_gadgets
Orc:2:    grunt_orc_gardens, layout_caves, grunt_orc_garden, grunt_orc_garden,
          grunt_orc_garden, grunt_orc_garden, serial_shops, shop
IceCv:    ice_cave_statue_garden_transporter

Skill      XL: |  1  2  3  4  5  6  7  8  9 10 11 12 13 14 15 |
---------------+----------------------------------------------+-----
Spellcasting   | 5 6 7 8 9 10 11 | 11.5
Invocations    | 1 2 3 4 5 6 7 8 9 11 | 11.3
Fighting       | 1 2 3 4 5 6 7 8 9 10 | 10.4
Short Blades   | 1 2 3 4 5 6 7 8 9 10 | 10.4
Long Blades    | 1 2 3 4 5 6 7 8 9 10 | 10.4
Axes           | 1 2 3 4 5 6 7 8 9 10 | 10.4
Maces & Flails | 1 2 3 4 5 6 7 8 9 10 | 10.4
Polearms       | 1 2 3 4 5 6 7 8 9 10 | 10.4
Staves         | 1 2 3 4 5 6 7 8 9 10 | 10.4
Ranged Weapons | 1 2 3 4 5 6 7 8 9 10 | 10.4
Throwing       | 1 2 3 4 5 6 7 8 9 10 | 10.4
Armour         | 1 2 3 4 5 6 7 8 9 10 | 10.4
Shields        | 1 2 3 4 5 6 7 8 9 10 | 10.4
Unarmed Combat | 1 2 3 4 5 6 7 8 9 10 | 10.4
Evocations     | 1 2 3 4 5 6 7 8 9 10 | 10.4
Conjurations   | 1 2 3 4 5 6 7 8 |  8.7
Hexes          | 1 2 3 4 5 6 7 8 |  8.7
Necromancy     | 1 2 3 4 5 6 7 8 |  8.7
Translocations | 1 2 3 4 5 6 7 8 |  8.7
Transmutations | 1 2 3 4 5 6 7 8 |  8.7
Fire Magic     | 1 2 3 4 5 6 7 8 |  8.7
Ice Magic      | 1 2 3 4 5 6 7 8 |  8.7
Air Magic      | 1 2 3 4 5 6 7 8 |  8.7
Earth Magic    | 1 2 3 4 5 6 7 8 |  8.7
Poison Magic   | 1 2 3 4 5 6 7 8 |  8.7
Dodging        | 5 6 7 8 9 10 11 | 11.3
Stealth        | 5 6 7 8 9 10 11 | 11.2
Summonings     | 8 9 10 11 | 11.2

Action                     |  1- 3 |  4- 6 |  7- 9 | 10-12 | 13-15 || total
---------------------------+-------+-------+-------+-------+-------++-------
  Melee: Whip              |    33 |       |       |       |       ||    33
         Unarmed           |     3 |       |       |       |       ||     3
         Bite              |     8 |     6 |    21 |    34 |    99 ||   168
         Dagger            |    49 |    13 |       |       |       ||    62
         Spear             |    18 |    21 |    10 |       |       ||    49
         Hand axe          |       |     1 |     6 |       |    83 ||    90
         Great sword       |       |    17 |   159 |    56 |    17 ||   249
         Dire flail        |       |     4 |       |       |       ||     4
         Long sword        |       |       |    22 |    39 |       ||    61
         War axe           |       |       |       |    13 |    80 ||    93
         Battleaxe         |       |       |       |     5 |       ||     5
         Punch             |       |       |       |     3 |     2 ||     5
         Double sword      |       |       |       |   214 |   342 ||   556
         Trident           |       |       |       |       |    70 ||    70
         Staff             |       |       |       |       |     4 ||     4
   Fire: Sling             |     7 |    22 |       |       |       ||    29
         Shortbow          |       |       |    60 |     8 |       ||    68
         Arbalest          |       |       |       |     6 |    47 ||    53
  Throw: Dart              |       |       |       |       |     2 ||     2
   Cast: Summon Small Mamm |    25 |    10 |     2 |       |       ||    37
         Call Canine Famil |       |    10 |    15 |     3 |     1 ||    29
         Summon Lightning  |       |       |       |     8 |    19 ||    27
         Swiftness         |       |       |       |     1 |       ||     1
         Summon Guardian G |       |       |       |     1 |       ||     1
 Invoke: Recite            |       |       |     9 |    19 |     8 ||    36
         Vitalisation      |       |       |       |     1 |       ||     1
    Use: Scroll            |       |     5 |    10 |     8 |     6 ||    29
         Potion            |       |       |     3 |     3 |     5 ||    11
   Stab: Distracted        |     1 |     4 |       |       |     9 ||    14
         Sleeping          |     1 |       |       |       |     5 ||     6
         Invisible         |       |       |     2 |     3 |       ||     5
         Confused          |       |       |     1 |     2 |    11 ||    14
         Paralysed         |       |       |       |     2 |     4 ||     6
         Petrified         |       |       |       |       |     5 ||     5
 Armour: Robe              |     3 |       |       |       |       ||     3
         Scale mail        |    38 |       |       |       |       ||    38
         Ring mail         |    19 |    18 |    36 |    58 |   142 ||   273
         Plate armour      |       |       |   192 |   223 |    75 ||   490
  Dodge: Dodged            |    87 |    46 |   101 |   167 |   535 ||   936
  Block: Kite shield       |       |       |       |   167 |   669 ||   836
